 Dungeon Crawl Stone Soup version 0.27-a0-1189-gb8eb6cee8e (webtiles) character file.

Game seed: 382072546183736819

179 siradein the Cutter (level 5, -2/39 HPs)
             Began as a Vampire Monk on May 22, 2021.
             Slain by Grinder (9 damage)
             ... on level 4 of the Dungeon.
             The game lasted 00:06:34 (3144 turns).

siradein the Cutter (Vampire Monk)                  Turns: 3144, Time: 00:06:35

Health: -2/39      AC:  3    Str: 10    XL:     5   Next: 32%
Magic:  5/5        EV: 13    Int: 12    God:
Gold:   97         SH:  0    Dex: 18    Spells: 4/4 levels left

rFire    . . .     SeeInvis +   a - +0 short sword
rCold    . . .     Faith    .   (no shield)
rNeg     . . .     Spirit   .   h - +0 leather armour
rPois    .         Reflect  .   (no helmet)
rElec    .         Harm     .   (no cloak)
rCorr    .         Rampage  .   (no gloves)
Will     .....                  (no boots)
Stlth    ++........             (no amulet)
HPRegen  0.33/turn              (no ring)
MPRegen  0.09/turn              (no ring)

@: brilliant, healing quickly
A: alive, fangs 3, see invisible, vampiric 2
a: Exsanguinate


You were on level 4 of the Dungeon.
You visited 1 branch of the dungeon, and saw 4 of its levels.

You collected 97 gold pieces.

Inventory:

Hand Weapons
 a - a +0 short sword (weapon)
Missiles
 b - 214 stones (quivered)
Armour
 h - a +0 leather armour (worn)
Scrolls
 d - a scroll of summoning {unknown}
 e - 2 scrolls of enchant armour {unknown}
 f - 2 scrolls of teleportation {unknown}
 g - a scroll of magic mapping {unknown}
 j - 2 scrolls of acquirement {unknown}
 k - a scroll of holy word {unknown}
 l - 3 scrolls of identify {unknown}
 n - a scroll of immolation {unknown}
 p - 2 scrolls of blinking {unknown}
 r - 3 scrolls of amnesia {unknown}
Potions
 c - a potion of brilliance
 i - a potion of might {unknown}
 m - a potion of degeneration {unknown}
 o - a potion of lignification {unknown}
 q - a potion of curing {unknown}
 s - a potion of flight {unknown}


   Skills:
 - Level 2.6 Fighting
 + Level 6.7 Short Blades
 - Level 3.2 Dodging
 - Level 3.0 Stealth


You had 4 spell levels left.
You didn't know any spells.
Your spell library contained the following spells:

 Spells                   Type           Power      Damage    Failure   Level
 Sandblast                Erth           0%         2d4       41%         1
 Passwall                 Tmut/Erth      0%         N/A       56%         2
 Stone Arrow              Conj/Erth      0%         3d7       80%         3
 Petrify                  Tmut/Erth      0%         N/A       99%         4
 Lee's Rapid Deconstruct  Erth           0%         3d5*      100%        5


Dungeon Overview and Level Annotations

Branches:
Dungeon (4/15)
 Temple: D:4-7

Altars:
Cheibriados

Shops:
D:4 ?

Annotations:
D:2 1 runed translucent door, Crazy Yiuf
D:4 2 transporters, 2FriedEggs's ghost, amateur GnAr; Grinder


Innate Abilities, Weirdness & Mutations

Your natural rate of healing is accelerated.
You have razor-sharp teeth.
You have supernaturally acute eyesight. (SInv)
You are afflicted with vampirism and can become a bat while bloodless.


Message History

Grinder is lightly wounded.
Grinder misses you.
You hit Grinder.
Grinder is lightly wounded.
Grinder barely misses you.
You closely miss Grinder.
Grinder is lightly wounded.
Grinder hits you.
You writhe in agony.
You hit Grinder.
Grinder is moderately wounded.
You hit Grinder.
Grinder is moderately wounded.
Grinder hits you.
You hit Grinder.
Grinder is heavily wounded.
Grinder closely misses you.
You barely miss Grinder.
Grinder is heavily wounded.
Grinder gestures at you. Pain shoots through your body!
You hit Grinder but do no damage.
Grinder is heavily wounded.
You hit Grinder but do no damage.
Grinder is heavily wounded.
Grinder gestures at you.
You suddenly lose the ability to move!
Grinder hits you! Grinder gestures at you.
You shrug off the repeated paralysis!
Grinder hits you.
You writhe in agony.
Grinder hits you!
* * * LOW HITPOINT WARNING * * *
Grinder gestures at you.
You struggle to resist.
You can move again.
You are too injured to fight recklessly!
It was a potion of brilliance.
You feel clever all of a sudden. Grinder hits you!
You die...

...').≈≈≈# #.#
...#..≈≈≈## #.#
########≈≈# #.#
.......#≈≈## #.#
.......'...###.#
.....).'...))..#
.......'...###.#
.......#≈≈##
#.#####.#
########≈≈#
#..@5...#
...#..≈≈≈##
#########
...'..≈≈≈#
...#..≈≈##
########


You could see Grinder.

Vanquished Creatures
  2 hound skeletons (D:4)
  A gnoll (D:1)
  3 adders
  An adder skeleton (D:4)
  2 dart slugs
  An orc (D:3)
  5 endoplasms
  5 giant cockroaches
  18 goblins
  4 hobgoblins
  20 jackals
  5 quokkas
  7 ball pythons
  5 bats
  5 frilled lizards
  6 kobolds
  8 rats
98 creatures vanquished.

Vanquished Creatures (others)
  6 plants (D:3)
6 creatures vanquished.

Grand Total: 104 creatures vanquished

Notes
Turn   | Place    | Note
-------+----------+-------------------------------------------
     0 | D:1      | siradein the Vampire Monk began the quest for the Orb.
     0 | D:1      | Reached XP level 1. HP: 17/17 MP: 1/1
   286 | D:1      | Reached XP level 2. HP: 23/23 MP: 2/2
   293 | D:1      | Reached skill level 4 in Short Blades
   685 | D:1      | Gained mutation: You are afflicted with vampirism and can
                  | become a bat while bloodless. [Vampire growth]
   685 | D:1      | Reached XP level 3. HP: 28/28 MP: 3/3
  1060 | D:2      | Reached skill level 5 in Short Blades
  1332 | D:2      | Reached XP level 4. HP: 34/34 MP: 4/4
  1988 | D:2      | Found a runed translucent door.
  1989 | D:2      | Noticed Crazy Yiuf
  2055 | D:3      | Reached skill level 6 in Short Blades
  2252 | D:3      | Found a faded altar of an unknown god.
  2689 | D:4      | Found a transporter.
  2705 | D:4      | Noticed 2FriedEggs's ghost (amateur GnAr)
  2719 | D:4      | Reached XP level 5. HP: 38/39 MP: 5/5
  2749 | D:4      | Found a transporter.
  2905 | D:4      | Found Qerea's Magic Scroll Shoppe.
  2948 | D:4      | Found a snail-covered altar of Cheibriados.
  3124 | D:4      | Noticed Grinder
  3125 | D:4      | Paralysed by Grinder for 4 turns
  3138 | D:4      | Paralysed by Grinder for 5 turns
  3144 | D:4      | Slain by Grinder

Illustrated notes

Levels and vault maps discovered:
D:1:      roderic_crossed_star, layout_basic, minmay_tetromino_o4
D:2:      layout_basic, minmay_quantized, uniq_crazy_yiuf_cottage
D:3:      layout_rooms, shapermc_ecumenical_altar_totnotflames,
          chequers_big_river
D:4:      kennysheep_goblin_castle, layout_basic, lemuel_coloured_pillars_altar,
          serial_shops, nicolae_shop_behind_doors, gammafunk_ghost_stat_death,
          uniq_grinder

Skill      XL: |  1  2  3  4 |
---------------+-------------+-----
Short Blades   | 4 5 6 |  6.7
Fighting       | |  2.6
Dodging        | |  3.2
Stealth        | |  3.0

Action                   |  1- 3 |  4- 6 || total
-------------------------+-------+-------++-------
Melee: Short sword       |   150 |   228 ||   378
       Bite              |    16 |    25 ||    41
Throw: Stone             |    13 |       ||    13
  Use: Potion            |       |     1 ||     1
 Stab: Sleeping          |     5 |     5 ||    10
       Distracted        |     1 |       ||     1
Armor: Robe              |    15 |       ||    15
       Leather armour    |    18 |    43 ||    61
Dodge: Dodged            |   111 |   107 ||   218

Table legend: (Time is in decaauts)
 A = Elapsed time spent in this place.
 B = Non-inter-level travel time spent in this place.
 C = Inter-level travel time spent in this place.
 D = Time resting spent in this place.
 E = Time spent auto-exploring this place.
 F = Levels seen in this place.
 G = Mean time per level.
                   A        B        C        D        E       F      G
               +--------+--------+--------+--------+--------+-----+--------+
         Total |   3105 |   3032 |     73 |      8 |   2118 |   4 |  776.2 |
       Dungeon |   3105 |   3032 |     73 |      8 |   2118 |   4 |  776.2 |
               +--------+--------+--------+--------+--------+-----+--------+

Top non-repeatable levels by time:
     D:1: 1153 daAuts
     D:2: 848 daAuts
     D:3: 658 daAuts
     D:4: 445 daAuts
